 Dungeon Crawl Stone Soup version 0.20.1-1-g8b1a95d (webtiles) character file.

265 equalderp2856 the Skirmisher (level 5, -2/42 HPs)
             Began as a Mummy Fighter on Oct 25, 2017.
             Slain by an ogre
             ... wielding a +0 giant spiked club
              (28 damage)
             ... on level 4 of the Dungeon.
             The game lasted 00:04:36 (2988 turns).

equalderp2856 the Skirmisher (Mummy Fighter)        Turns: 2988, Time: 00:04:37

Health: -2/42      AC:  6    Str: 20    XL:     5   Next: 99%
Magic:  5/5        EV:  7    Int:  8    God:
Gold:   239        SH:  9    Dex: 11    Spells: 4/4 levels left

rFire    x . .     SeeInvis .   a - +0 war axe
rCold    + . .     Gourm    .   c - +0 shield
rNeg     + + +     Faith    .   b - +0 scale mail
rPois    ∞         Spirit   .   (no helmet)
rElec    .         Reflect  .   (no cloak)
rCorr    .         Harm     .   (no gloves)
MR       .....                  (no boots)
Stlth    ..........             d - amulet of regeneration
Regen    0.6/turn               k - ring of poison resistance
MPRegen  0.1/turn               (no ring)

@: no status effects
A: no food or potions, fire vulnerability, cold resistance 1, negative energy
resistance 3, torment resistance, unbreathing
a: no special abilities


You were on level 4 of the Dungeon.
You were not hungry.

You visited 1 branch of the dungeon, and saw 4 of its levels.

You collected 239 gold pieces.

Inventory:

Hand Weapons
 a - a +0 war axe (weapon)
Armour
 b - a +0 scale mail (worn)
 c - a +0 shield (worn)
 o - a +0 plate armour
Jewellery
 d - an amulet of regeneration (around neck)
 e - an uncursed amulet of magic regeneration
 k - a ring of poison resistance (left hand)
 l - an uncursed amulet of inaccuracy
Scrolls
 f - a scroll of remove curse
 g - 3 scrolls of teleportation
 h - a scroll of enchant armour {unknown}
 i - 3 scrolls of identify {unknown}
 j - a scroll of recharging {unknown}
 m - a scroll of fog {unknown}
 n - a scroll of immolation {unknown}
 p - a scroll of magic mapping {unknown}


   Skills:
 + Level 3.9 Fighting
 + Level 3.1 Axes
 + Level 3.3 Armour
 + Level 1.3 Dodging
 + Level 3.2 Shields


You had 4 spell levels left.
You didn't know any spells.

Dungeon Overview and Level Annotations

Branches:
Dungeon (4/15)
 Temple: D:4-7

Altars:
Ashenzari
Dithmenos
Elyvilon
Gozag
Kikubaaqudgha
Makhleb
Ru
Uskayaw
Vehumet


Innate Abilities, Weirdness & Mutations

You do not eat or drink.
Your flesh is vulnerable to fire.
You are immune to poison.
Your flesh is cold resistant. (rC+)
You are immune to negative energy. (rN+++)
You are immune to unholy pain and torment.
You can survive without breathing.


Message History

You hit the ogre but do no damage.
The ogre is lightly wounded.
You block the ogre's attack.
You slash the ogre!
The ogre is moderately wounded.
You block the ogre's attack.
You closely miss the ogre.
The ogre is moderately wounded.
The ogre barely misses you.
You slash the ogre!
The ogre is heavily wounded.
The ogre hits you with a giant spiked club!
You barely miss the ogre.
The ogre is heavily wounded.
The ogre barely misses you.
You hit the ogre.
The ogre is severely wounded.
The ogre hits you with a giant spiked club!!
Ouch! That really hurt!
You die...

#.#### #.# #.#.######. #.#
#.# #....## #. #.# #.#
##.###.####. #.# #.# ##.##
##..... #.# #.# #>## ##.##.
#.# #.# #.# #..#. #.# #. #.##
##..#. #.# #O######.##
##.#.#. #.#
#.@.......###..#.#. #.#
##########...#.....
#.###################.######.
#..............^......# ##
#####################.#######
#.....<.. #########


You could see an ogre.

Vanquished Creatures
  A hound (D:4)
  An orc wizard (D:3)
  4 worker ants
  3 adders
  An ooze (D:3)
  A dart slug (D:1)
  4 leopard geckos
  3 orcs
  2 ball pythons
  3 giant cockroaches
  8 goblins
  5 hobgoblins
  4 jackals (D:1)
  11 kobolds
  2 quokkas
  7 bats
  8 frilled lizards
  8 rats
76 creatures vanquished.

Notes
Turn   | Place    | Note
-------+----------+-------------------------------------------
     0 | D:1      | equalderp2856 the Mummy Fighter began the quest for the Orb.
     0 | D:1      | Reached XP level 1. HP: 18/18 MP: 1/1
    71 | D:1      | Reached XP level 2. HP: 16/24 MP: 2/2
   393 | D:1      | Reached XP level 3. HP: 26/29 MP: 3/3
  1232 | D:2      | Found an opulent altar of Gozag.
  1233 | D:2      | Found a shadowy altar of Dithmenos.
  1233 | D:2      | Found a hide-covered altar of Uskayaw.
  1234 | D:2      | Found a white marble altar of Elyvilon.
  1234 | D:2      | Found an ancient bone altar of Kikubaaqudgha.
  1234 | D:2      | Found a shattered altar of Ashenzari.
  1234 | D:2      | Found a burning altar of Makhleb.
  1372 | D:2      | Reached XP level 4. HP: 33/35 MP: 4/4
  1506 | D:3      | Reached skill level 1 in Dodging
  1802 | D:3      | Found a sacrificial altar of Ru.
  1809 | D:3      | Reached XP level 5. HP: 41/41 MP: 5/5
  2739 | D:4      | Found a radiant altar of Vehumet.
  2981 | D:4      | Noticed an ogre
  2988 | D:4      | Slain by an ogre

Skill      XL: |  1  2  3  4  5 |
---------------+----------------+-----
Axes           | 2 3 |  3.1
Armour         | 3 |  3.3
Dodging        | 1 |  1.3
Shields        | 3 |  3.2
Fighting       | |  3.9

Action                   |  1- 3 |  4- 6 || total
-------------------------+-------+-------++-------
Melee: War axe           |   158 |   133 ||   291
  Use: Scroll            |       |     2 ||     2
 Stab: Paralysed         |       |     1 ||     1
Armor: Scale mail        |   107 |    49 ||   156
Dodge: Dodged            |    75 |    51 ||   126
Block: Shield            |   113 |    67 ||   180
